Map: Echo LE (Void)

Players

PianaNaDwa - Winner!

  • Race: Zerg Zerg
  • League: Gold
  • Spawn Location: 5:00

Generos

  • Race: Terran Terran
  • League: Gold
  • Spawn Location: 11:00

VOD

Have the link to the VOD?

Description

Time

  • Played on: Jan. 11, 2017, 3:07 p.m.
  • Length: 17:34
Show
View Real Time Build Order
Export as new Build Order

PianaNaDwa Zerg - Winner!

Build Orders: Hatch First 

Get SALT Encoding   

  12  0:01  Drone  
  13  0:32  Hatchery  
  12  0:36  Drone  
  13  0:53  Spawning Pool  
  12  1:05  Extractor  
  12  1:06  Drone x2  
  13  1:12  Overlord  
  13  1:20  Drone  
  14  1:32  Drone  
  15  1:40  Drone  
  15  1:45  Queen  
  18  1:49  Zergling x2  
  19  2:02  Roach Warren  
  19  2:04  Drone  
  19  2:09  Drone  
  19  2:15  Drone  
  21  2:18  Drone  
  21  2:21  Drone  
  23  2:26  Drone  
  24  2:31  Drone  
  24  2:33  Drone  
  26  2:41  Drone x2  
  28  3:02  Overlord x2  
  28  3:20  Roach, Queen  
  28  3:22  Roach x2  
  28  3:23  Roach x2  
  42  3:27  Roach  
  42  3:37  Roach  
  43  3:42  Zergling x2  
  44  3:58  Overlord x2  
  43  4:14  Extractor  
  43  4:16  Roach x3, Zergling x4  
  50  4:21  Metabolic Boost  
  50  4:27  Evolution Chamber  
  49  4:33  Ravager  
  50  4:40  Hatchery  
  50  4:41  Roach x2  
  53  4:49  Extractor  
  53  4:52  Roach x2  
  56  5:06  Drone  
  56  5:07  Drone x3  
  60  5:24  Overlord x2  
  60  5:42  Ravager x2  
  62  5:43  Zergling x8  
  62  5:44  Zergling x8  
  62  5:48  Ravager x3  
  70  6:01  Zergling x4  
  70  6:02  Zergling x4  
  51  6:47  Roach x3, Zergling x4  
  51  6:48  Roach x2, Zergling x4  
  58  7:25  Roach x3, Zergling x6  
  67  7:33  Ravager  
  59  7:52  Ravager x2  
  51  8:25  Ravager x2  
  51  8:26  Roach, Zergling x4  
  51  8:27  Roach x2, Zergling x2  
  61  8:28  Queen  
  61  8:30  Drone x3  
  62  8:39  Zergling x4  
  59  9:04  Zerg Ground Armor Level 1  
  59  9:05  Lair  
  59  9:09  Evolution Chamber  
  40  9:30  Drone x7  
  40  9:31  Drone x3  
  50  9:41  Roach x3  
  56  9:47  Extractor  
  55  9:56  Roach, Zerg Missile Weapons Level 1  
  55  9:57  Roach x6  
  55  9:59  Roach  
  71  10:13  Drone x3  
  71  10:14  Drone x4  
  77  10:17  Ravager  
  77  10:18  Ravager x2  
  77  10:19  Ravager  
  82  10:23  Overlord  
  81  10:54  Queen  
  81  11:03  Zergling x12  
  80  11:24  Drone x3  
  80  11:25  Drone x2  
  85  11:39  Zerg Ground Armor Level 2  
  85  11:43  Hydralisk Den  
  84  11:52  Roach  
  84  11:53  Roach x2  
  90  11:56  Overlord x4  
  90  11:58  Zerg Missile Weapons Level 2  
  90  12:16  Hydralisk x9  
  90  12:17  Hydralisk  
  90  12:21  Hydralisk  
  112  12:23  Hatchery  
  112  12:24  Hydralisk  
  112  12:28  Ravager  
  112  12:29  Ravager x4  
  118  12:36  Hydralisk x2  
  122  12:42  Overlord x2  
  122  13:00  Hydralisk  
  122  13:01  Hydralisk x3, Roach  
  122  13:02  Roach x2  
  122  13:03  Zergling x2  
  137  13:10  Drone  
  138  13:31  Glial Reconstitution  
  138  13:33  Muscular Augments  
  138  13:35  Drone x2  
  138  13:36  Drone x4  
  141  14:24  Overlord x5, Hatchery  
  141  14:30  Extractor  
  139  14:50  Hydralisk x2  
  139  14:51  Hydralisk x10  
  139  14:52  Hydralisk x3  
  169  14:54  Zergling x2  
  170  15:01  Zerg Melee Weapons Level 1, Infestation Pit  
  133  15:40  Roach x2, Zergling x4  
  133  15:41  Roach x5, Zergling x10  
  133  15:42  Roach x4, Zergling x6  
  157  15:58  Zergling x12  
  157  15:59  Zergling x8  
  167  16:06  Hive  
  167  16:12  Queen  
  167  16:14  Drone  
  167  16:15  Drone  
  140  17:12  Roach, Zergling x4  
  140  17:13  Roach x4, Zergling x10  
  140  17:14  Roach x2, Zergling x4  
Show
View Real Time Build Order
Export as new Build Order

Generos Terran 

Build Orders: MMM Bio 

Get SALT Encoding   

  12  0:01  SCV  
  13  0:13  SCV  
  14  0:17  Supply Depot  
  14  0:25  SCV  
  15  0:38  SCV  
  15  0:40  Barracks  
  16  0:45  Refinery  
  16  0:51  SCV  
  17  1:03  SCV  
  18  1:15  SCV  
  19  1:19  Supply Depot  
  19  1:29  Reaper, SCV  
  21  1:37  Barracks  
  21  1:42  Orbital Command  
  21  1:50  Refinery  
  21  2:02  Marine  
  22  2:09  SCV  
  23  2:21  Command Center, SCV  
  24  2:26  Barracks Tech Lab  
  24  2:27  Barracks Reactor  
  24  2:33  SCV  
  25  2:45  SCV  
  26  2:55  Stimpack  
  26  2:59  SCV  
  26  3:02  Marine  
  26  3:03  Marine  
  26  3:04  Marine  
  30  3:10  Factory  
  30  3:11  SCV  
  31  3:26  Supply Depot x2  
  31  3:27  Marine x3  
  31  3:29  SCV  
  35  3:41  SCV  
  36  3:50  Barracks  
  35  3:56  Marine  
  35  3:57  Marine x2  
  35  4:01  Supply Depot  
  38  4:14  Supply Depot, Orbital Command  
  38  4:16  SCV  
  39  4:17  Marine x2  
  39  4:21  Factory Tech Lab  
  41  4:28  SCV  
  42  4:31  Starport  
  42  4:32  Marine  
  43  4:44  SCV x2  
  45  4:49  Supply Depot  
  45  4:54  Marine x3  
  45  4:56  SCV x2  
  47  5:12  Marine  
  47  5:14  Siege Tank  
  51  5:15  Marine x2  
  51  5:20  Medivac  
  55  5:23  Marine  
  56  5:30  Marine, SCV x2  
  56  5:33  Marine  
  56  5:35  Engineering Bay  
  60  5:42  Engineering Bay, SCV x2  
  62  5:43  Supply Depot  
  62  5:45  Marine  
  62  5:46  Marine  
  64  5:54  SCV  
  64  6:05  Supply Depot  
  64  6:07  Marine x3  
  64  6:08  Armory  
  64  6:09  Medivac  
  64  6:11  Barracks Reactor  
  69  6:13  Combat Shields  
  69  6:15  SCV x2  
  71  6:25  Marine  
  69  6:27  SCV x2  
  69  6:34  Marine x2  
  69  6:43  Marine  
  69  6:47  Marine  
  57  6:49  Siege Tank, Marine  
  57  6:50  Medivac  
  57  6:51  Marine  
  57  6:52  Marine  
  65  7:00  Marine  
  65  7:04  Marine  
  65  7:06  Marine  
  66  7:09  Marine  
  56  7:18  Marine x2  
  56  7:20  Medivac  
  56  7:21  Siege Tank  
  56  7:22  Marine  
  52  7:24  Marine  
  52  7:27  Marine  
  46  7:36  Marine x2  
  48  7:40  Marine  
  49  7:50  Marine x2  
  51  7:53  Marine  
  51  7:54  Marine  
  51  7:58  Marine  
  49  8:09  Marine x2  
  49  8:11  Marine, SCV  
  49  8:12  Marine  
  52  8:23  SCV  
  51  8:35  Marine x4  
  55  8:43  Marine  
  53  8:53  Marine x2  
  55  8:56  Supply Depot  
  55  9:00  Siege Tank, Marine x2  
  55  9:01  Marine  
  58  9:11  Marine  
  59  9:23  Marine x3  
  59  9:24  Marine  
  57  9:28  Marine  
  58  9:32  Siege Tank  
  61  9:59  Command Center  
  61  10:04  Siege Tank, Supply Depot  
  64  10:10  Marine x2  
  66  10:21  SCV  
  67  10:27  Supply Depot  
  67  10:33  SCV  
  59  11:22  SCV x2  
  59  11:24  Marine  
  59  11:25  Marine  
  65  11:29  Marauder  
  66  11:34  SCV x2  
  66  11:41  Barracks Tech Lab  
  66  11:42  Marine, Barracks  
  66  11:43  Terran Infantry Weapons Level 1  
  67  11:54  SCV x2  
  69  12:06  SCV  
  70  12:13  Terran Infantry Armor Level 1  
  70  12:19  Orbital Command  
  70  12:32  Marine  
  70  12:34  Command Center  
  70  12:36  Marauder  
  73  12:45  Marauder  
  73  12:46  Barracks Tech Lab  
  73  12:48  Marine  
  73  12:51  Medivac  
  78  13:01  Marauder  
  80  13:12  Marine x2  
  80  13:14  Marauder x2  
  80  13:17  SCV  
  87  13:21  Siege Tank  
  90  13:32  Marine x2  
  90  13:33  Marauder  
  94  13:35  Marauder  
  96  13:51  Marine x3  
  96  13:54  Marauder  
  101  14:07  Marauder  
  105  14:10  Marauder  
  105  14:13  SCV x2  
  105  14:15  Marauder  
  109  14:25  SCV x2  
  109  14:30  Marauder, Marine x2  
  117  14:31  Marauder  
  117  14:32  Concussive Shells  
  117  14:33  Terran Infantry Weapons Level 2  
  117  14:34  Terran Infantry Armor Level 2  
  117  14:41  Planetary Fortress  
  117  14:57  Sensor Tower  
  117  15:29  Marauder  
  99  15:50  Marauder x2, Marine x2  
  99  15:51  Marine, Liberator  
  99  15:54  Siege Tank  
  109  16:07  Medivac  
  114  16:15  Sensor Tower  
  114  16:18  Refinery  
  114  16:19  Refinery, SCV x2  
  114  16:23  Refinery  
  116  16:26  Refinery  
  116  16:31  SCV  
  117  16:41  SCV  
  117  16:42  Siege Tank  
  117  16:45  Supply Depot  
  60  17:09  Supply Depot  
  46  17:32  Supply Depot  
Tags
 
Composition
MMM Bio
League
GoldGold
Matchup
TvZ
Spawn Locations
Cross Positions
Add a new tag
Caveats
  • Supply blocks, unpowered buildings, or Contaminate may cause inaccurate times.
  • Supply counts are checked every 10 seconds.